 Dungeon Crawl Stone Soup version 0.31-a0-278-g485e682e34 (webtiles) character file.

Game seed: 1706098368111461144

861 AdnanSaban the Cudgeller (level 8, -2/49 HPs)
             Began as a Gargoyle Fighter on July 16, 2023.
             Was an Initiate of Okawaru.
             Slain by Blork the orc
             ... wielding a +6 war axe of flaming
              (7 damage)
             ... on level 4 of the Dungeon.
             The game lasted 00:07:29 (4134 turns).

AdnanSaban the Cudgeller (Gargoyle Fighter)         Turns: 4134, Time: 00:07:30

Health: -2/49      AC: 16    Str: 23    XL:     8   Next: 2%
Magic:  8/8        EV:  9    Int:  8    God:    Okawaru [......]
Gold:   197        SH:  4    Dex:  9    Spells: 7/7 levels left

rFire   . . .        a - +0 flail
rCold   . . .        c - +0 buckler
rNeg    + . .        b - +0 scale mail
rPois   ∞            h - +2 helmet
rElec   +            (no cloak)
rCorr   .            (no gloves)
SInv    .            (no boots)
Will    .....        (no amulet) Stlth
                     (no ring)
HPRegen 0.28/turn    (no ring)
MPRegen 0.11/turn

%: no passive effects
@: no status effects
A: sickness immunity, AC +5, negative energy resistance 1, electricity
resistance, torment resistance 1, petrification resistance
a: Renounce Religion


You were on level 4 of the Dungeon.
You worshipped Okawaru.
Okawaru was noncommittal.
You visited 2 branches of the dungeon, and saw 6 of its levels.

You collected 197 gold pieces.

Inventory:

Hand Weapons
 a - a +0 flail (weapon)
 s - a +5 dire flail of holy wrath
Armour
 b - a +0 scale mail (worn)
 c - a +0 buckler (worn)
 h - a +2 helmet (worn)
Jewellery
 k - a ring of wizardry
 m - a +6 ring of strength
 t - an amulet of guardian spirit
Wands
 q - a wand of flame (7)
Scrolls
 e - a scroll of fear {unknown}
 f - 2 scrolls of teleportation {unknown}
 i - 5 scrolls of identify {unknown}
 n - a scroll of vulnerability {unknown}
 o - 2 scrolls of amnesia {unknown}
 r - a scroll of poison {unknown}
 u - a scroll of blinking {unknown}
Potions
 d - 2 potions of might
 g - a potion of ambrosia {unknown}
 j - a potion of mutation {unknown}
 l - a potion of curing {unknown}
 p - a potion of degeneration {unknown}


   Skills:
 + Level 5.3 Fighting
 + Level 6.2 Maces & Flails
 + Level 5.5 Armour
 + Level 4.6 Shields


You had 7 spell levels left.
You didn't know any spells.
Your spell library contained the following spells:

 Spells                   Type           Power      Damage    Failure   Level
 Magic Dart               Conj           0%         1d3       77%         1
 Ignite Poison            Fire/Tmut/Pois 0%         N/A       98%         3
 Mephitic Cloud           Conj/Pois/Air  0%         N/A       98%         3
 Freezing Cloud           Conj/Ice/Air   0%         6-21      100%        5
 Call Imp                 Summ           Unusable   N/A       N/A         2
 Cigotuvi's Dreadful Rot  Necr/Pois/Air  Unusable   N/A       N/A         2

Dungeon Overview and Level Annotations

Branches:
Dungeon (5/15)             Temple (1/1) D:4

Altars:
Ashenzari
Cheibriados
Dithmenos
Elyvilon
Fedhas
Gozag
Kikubaaqudgha
Okawaru
Qazlal
Ru
Wu Jian
Xom
Zin
The Shining One

Shops:
D:1 (

Annotations:
D:2 1 runed translucent door, Crazy Yiuf
D:4 Blork the orc


Innate Abilities, Weirdness & Mutations

You are immune to sickness and miasma.
Your stone body is resilient. (AC +5)
You are immune to poison.
You resist negative energy. (rN+)
You are resistant to electric shocks. (rElec)
You are resistant to unholy torment.
You are immune to petrification.


Message History

Blork the orc burns you. You block the orc's attack.
You block Blork the orc's attack. The orc closely misses you.
You closely miss the orc.
The orc is moderately wounded.
Blork the orc completely misses you. The orc barely misses you.
You hit the orc but do no damage.
The orc is moderately wounded.
Blork the orc points at you and mumbles some strange words.
The magic dart hits you but does no damage.
Blork the orc hits you with a +6 war axe of flaming.
Blork the orc burns you. You block the orc's attack.
You closely miss the orc.
The orc is moderately wounded.
Blork the orc gestures at you while chanting.
The puff of frost hits you but does no damage.
The orc barely misses you.
Blork the orc looks satisfied for a moment.
You barely miss the orc.
The orc is moderately wounded.
Blork the orc hits you with a +6 war axe of flaming.
Blork the orc burns you. The orc hits you but does no damage.
You closely miss the orc.
The orc is moderately wounded.
Blork the orc points at you and mumbles some strange words.
The puff of frost hits you but does no damage.
The orc hits you but does no damage.
Blork the orc hits you with a +6 war axe of flaming!
* * * LOW HITPOINT WARNING * * *
Blork the orc burns you.
* * * LOW HITPOINT WARNING * * *
You hit the orc but do no damage.
The orc is moderately wounded.
Blork the orc zaps a wand.
The puff of flame misses you. The orc hits you but does no damage.
Blork the orc zaps a wand.
The puff of flame hits you but does no damage.
You hit the orc.
You kill the orc!
Okawaru accepts your kill.
Blork the orc hits you with a +6 war axe of flaming!
You die...

########## #.......##....
######..#..... #......##
##......# #...##..
#..##### ##>##....
##########))##....
########@)......(........
#.......o#######.####....
#........# #....# #....
#.<.....## #....# #....
#.......#####....# #####
#.........[......#
#....(..#####....#
#.......# #....#
#.......# ######


You could see Blork the orc (fast).

Vanquished Creatures
  Sigmund (D:2)
  Edmund (D:4)
  Duvessa (D:4)
  Dowan (D:4)
  2 hounds (D:4)
  2 orc priests
  Ijyb (D:4)
  An iguana (D:4)
  7 gnolls
  4 adders
  A white imp (D:3)
  3 worms
  A dart slug (D:1)
  19 orcs
  10 ball pythons
  8 bats
  5 endoplasms
  2 giant cockroaches
  13 goblins
  7 hobgoblins
  9 jackals
  9 kobolds
  3 quokkas
  4 frilled lizards
  A goblin skeleton (D:3)
  A goblin zombie (D:3)
  2 hobgoblin zombies (D:3)
  A kobold skeleton (D:3)
  A kobold zombie (D:3)
  An orc skeleton (D:3)
  3 orc zombies (D:3)
  3 rats
128 creatures vanquished.

Notes
Turn   | Place    | Note
-------+----------+-------------------------------------------
     0 | D:1      | AdnanSaban the Gargoyle Fighter began the quest for the
                  | Orb.
     0 | D:1      | Reached XP level 1. HP: 14/14 MP: 1/1
    72 | D:1      | Found Koegisan's Antique Weapon Boutique.
   114 | D:1      | Reached XP level 2. HP: 19/19 MP: 2/2
   435 | D:1      | Found a faded altar of an unknown god.
   476 | D:1      | Reached XP level 3. HP: 23/23 MP: 3/3
   750 | D:2      | Reached skill level 3 in Maces & Flails
   755 | D:2      | Reached XP level 4. HP: 24/29 MP: 4/4
   869 | D:2      | Noticed Sigmund
   883 | D:2      | HP: 1/29 [something/puff of flame (5)]
   890 | D:2      | HP: 1/29 [something (1)]
   894 | D:2      | Killed Sigmund
   895 | D:2      | Reached skill level 4 in Maces & Flails
   895 | D:2      | Reached XP level 5. HP: 2/34 MP: 5/5
   895 | D:2      | Reached XP level 6. HP: 2/39 MP: 6/6
   897 | D:2      | HP: 1/39 [adder (2)]
  1096 | D:2      | Found a runed translucent door.
  1097 | D:2      | Noticed Crazy Yiuf
  1129 | D:2      | Identified the -1 helmet of the Sturgeon {Int+5}
  1694 | D:3      | Found a glowing golden altar of the Shining One.
  1917 | D:3      | Reached skill level 5 in Maces & Flails
  2701 | D:4      | Identified the +0 ring mail of the Moon {Dex+4}
  2931 | D:4      | Noticed Duvessa
  2932 | D:4      | Noticed Dowan
  2999 | D:4      | Noticed Ijyb
  3063 | D:4      | Killed Ijyb
  3064 | D:4      | Reached XP level 7. HP: 31/44 MP: 7/7
  3182 | D:4      | Killed Duvessa
  3183 | D:4      | Reached skill level 5 in Armour
  3193 | D:4      | Killed Dowan
  3194 | D:4      | Reached skill level 5 in Fighting
  3280 | D:4      | Noticed Edmund
  3292 | D:4      | Killed Edmund
  3293 | D:4      | Reached skill level 6 in Maces & Flails
  3303 | D:5      | Entered Level 5 of the Dungeon
  3576 | D:4      | Found a staircase to the Ecumenical Temple.
  3589 | Temple   | Entered the Ecumenical Temple
  3976 | D:4      | Found a blossoming altar of Fedhas.
  3976 | D:4      | Found an iron altar of Okawaru.
  4009 | D:4      | Became a worshipper of Warmaster Okawaru
  4047 | D:4      | Reached XP level 8. HP: 41/49 MP: 8/8
  4111 | D:5      | Noticed Blork the orc
  4134 | D:4      | Slain by Blork the orc

Illustrated notes

Levels and vault maps discovered:
D:1:      dpeg_arrival_tiny_e, layout_rooms, shapermc_ecumenical_altar_venn,
          serial_shops, shop, serial_forest, infiniplex_forest_straight_5,
          infiniplex_forest_clump_curved, infiniplex_forest_clump_double,
          infiniplex_forest_clump_small, infiniplex_forest_straight_5,
          infiniplex_forest_lined_room_3
D:2:      layout_basic, grunt_decor_one_mirror, uniq_crazy_yiuf_cottage,
          uniq_sigmund
D:3:      layout_basic, nicolae_tso_besieged_by_evil
D:4:      kennysheep_the_goblin_king, layout_rooms,
          mainiacjoe_overflow_divided_tiny, minmay_temple_entry_tees,
          uniq_duvessa, uniq_edmund
D:5:      layout_basic, lightli_temple_of_fire, serial_shops, shop_statue,
          hangedman_decor_peaks_small, minmay_quadrilaterals, uniq_blork_the_orc
Temple:   nicolae_temple_bog_church

Skill      XL: |  1  2  3  4  5  6  7 |
---------------+----------------------+-----
Maces & Flails | 3 4 5 6 |  6.2
Fighting       | 4 5 |  5.3
Armour         | 4 5 |  5.5
Shields        | 4 |  4.6

Action                     |  1- 3 |  4- 6 |  7- 9 || total
---------------------------+-------+-------+-------++-------
  Melee: Flail             |   113 |   259 |   117 ||   489
 Armour: Scale mail        |    76 |   205 |    86 ||   367
  Dodge: Dodged            |    65 |   142 |    66 ||   273
  Block: Buckler           |    30 |    62 |    35 ||   127

Table legend: (Time is in decaauts)
 A = Elapsed time spent in this place.
 B = Non-inter-level travel time spent in this place.
 C = Inter-level travel time spent in this place.
 D = Time resting spent in this place.
 E = Time spent auto-exploring this place.
 F = Levels seen in this place.
 G = Mean time per level.
                   A        B        C        D        E       F      G
               +--------+--------+--------+--------+--------+-----+--------+
         Total |   4248 |   4049 |    199 |    440 |   2544 |   6 |  708.0 |
       Dungeon |   4023 |   3872 |    151 |    440 |   2382 |   5 |  804.6 |
        Temple |    225 |    177 |     48 |      0 |    162 |   1 |  225.0 |
               +--------+--------+--------+--------+--------+-----+--------+

Top non-repeatable levels by time:
     D:3: 1193 daAuts
     D:4: 961 daAuts
     D:2: 895 daAuts
     D:1: 733 daAuts
     D:5: 239 daAuts
  Temple: 225 daAuts
